 Dungeon Crawl Stone Soup version 0.20.1-1-g8b1a95d (webtiles) character file.

46 veneficus the Poker (level 3, 0/27 HPs)
             Began as a Merfolk Skald on Nov 4, 2017.
             Slain by a gnoll
             ... wielding a cursed -1 flail
              (1 damage)
             ... on level 1 of the Dungeon.
             The game lasted 00:04:28 (3458 turns).

veneficus the Poker (Merfolk Skald)                 Turns: 3458, Time: 00:04:28

Health: 0/27       AC:  3    Str: 11    XL:     3   Next: 68%
Magic:  3/6        EV:  9    Int: 12    God:
Gold:   59         SH:  8    Dex: 14    Spells: 1/6 levels left

rFire    . . .     SeeInvis .   a - +0 spear
rCold    . . .     Gourm    .   k - +2 shield
rNeg     . . .     Faith    .   b - +0 leather armour
rPois    .         Spirit   .   (no helmet)
rElec    .         Reflect  .   (no cloak)
rCorr    .         Harm     .   (no gloves)
MR       .....                  (no boots)
Stlth    +.........             (no amulet)
Regen    0.1/turn               (no ring)
MPRegen  0.1/turn               (no ring)

@: infused, drained
A: change form in water, swift swim, stealthy swim
a: no special abilities


You were on level 1 of the Dungeon.
You were hungry.

You visited 1 branch of the dungeon, and saw 2 of its levels.

You collected 59 gold pieces.

Inventory:

Hand Weapons
 a - a +0 spear (weapon)
Armour
 b - a +0 leather armour (worn)
 k - a +2 shield (worn)
Wands
 o - a wand of polymorph (11/24)
Scrolls
 e - a scroll of identify {unknown}
 g - a scroll of remove curse {unknown}
 l - a scroll of enchant armour {unknown}
 m - a scroll of fog {unknown}
Potions
 f - a potion of resistance {unknown}
 h - a potion of cancellation {unknown}
 j - a potion of might
Books
 c - a book of Battle

   Spells                             Type                      Level
   a - Infusion                       Charms                       1
   b - Shroud of Golubria             Charms/Translocation         2
   c - Song of Slaying                Charms                       2
   d - Spectral Weapon                Hexes/Charms                 3
   e - Regeneration                   Charms/Necromancy            3
Comestibles
 d - 2 bread rations
 i - 2 fruits


   Skills:
 - Level 2.1(1.9) Fighting
 * Level 5.0(4.8) Polearms
 - Level 0.6(0.4) Armour
 - Level 2.6(2.4) Dodging
 - Level 2.0(1.7) Spellcasting
 + Level 3.9(3.7) Charms


You had one spell level left.
You knew the following spells:

 Your Spells              Type           Power        Failure   Level  Hunger
a - Infusion              Chrm           #...         50%         1    ##.....
b - Shroud of Golubria    Chrm/Tloc      #.........   88%         2    ###....
c - Song of Slaying       Chrm           #.......     63%         2    ###....


Dungeon Overview and Level Annotations

Branches:
Dungeon (2/15)

Altars:
Fedhas


Message History

There is a stone staircase leading down here.
You take 13 damage, and have 14/27 hp.
MASSIVE DAMAGE!!
Warning x2: The gnoll can hit for moderate damage in melee, and throws nets! x2
The gnoll barely misses you.
You begin infusing your attacks with magical energy.
You now have 5/6 mp.
Attack whom?
Aim: a gnoll, wielding a flail You reach to attack!
You closely miss the gnoll.
Warning x2: The gnoll can hit for moderate damage in melee, and throws nets! x2
You hit the gnoll. You block the gnoll's attack.
You now have 4/6 mp.
You hit the gnoll. The gnoll hits you with a flail!
Ouch! That really hurt!
* * * LOW HITPOINT WARNING * * *
You take 14 damage, and have 1/27 hp.
MASSIVE DAMAGE!!
You now have 3/6 mp.
Warning x2: The gnoll can hit for moderate damage in melee, and throws nets! x2
You are too injured to fight recklessly!
You completely miss the gnoll. The gnoll hits you with a flail.
You die...

#........##.⌠....⌠....⌠.##..#.#..
#....##.####...........##...#.#.#
#..........##..⌠...⌠..##..#.#.#.#
#.....#.##.###.(.....##..##.#.#.#
#........#.# ##..<..##..###.....#
##....#..#.# ##.(.##...........#
#####.#..#.# #####..#.###.....#
#####.#..#.########..##.##.......
......#..#......@gg>###.##.###...
###################.# #.##.#.....
...............)....###.##.#..#..
######....######...>g##.##.#.....
# #....# #.....##.##.##.##.
#....# #.....##.##....... #....#
####.###.#...#.### #....# #.#
#.#.#.#># # #....# #.# #.#.#.#.#
#


You could see 2 gnolls.

Vanquished Creatures
  An adder (D:2)
  A worm (D:2)
  A dart slug (D:1)
  A leopard gecko (D:2)
  6 bats
  2 giant cockroaches (D:1)
  6 goblins
  3 hobgoblins
  A frilled lizard (D:1)
  4 kobolds
  4 rats
30 creatures vanquished.

Notes
Turn   | Place    | Note
-------+----------+-------------------------------------------
     0 | D:1      | veneficus the Merfolk Skald began the quest for the Orb.
     0 | D:1      | Reached XP level 1. HP: 16/16 MP: 3/3
   697 | D:1      | Reached XP level 2. HP: 22/22 MP: 0/5
   701 | D:1      | Learned a level 2 spell: Shroud of Golubria
  1017 | D:1      | Learned a level 2 spell: Song of Slaying
  1584 | D:1      | Reached skill level 4 in Polearms
  1907 | D:2      | Reached XP level 3. HP: 27/27 MP: 6/6
  1908 | D:2      | Found a blossoming altar of Fedhas.
  3315 | D:1      | Reached skill level 5 in Polearms
  3457 | D:1      | HP: 1/27 [gnoll/flail (14)]
  3458 | D:1      | Slain by a gnoll

Skill      XL: |  1  2  3 |
---------------+----------+-----
Polearms       | 4 5 |  5.0
Fighting       | |  2.1
Armour         | |  0.6
Dodging        | |  2.6
Spellcasting   | |  2.0
Charms         | |  3.9

Action                   || total
-------------------------++-------
Melee: Spear             ||   100
       Unarmed           ||     8
 Cast: Infusion          ||     4
       Shroud of Golubri ||     1
  Use: Potion            ||     2
 Stab: Distracted        ||     1
  Eat: Chunk             ||     8
Armor: Leather armour    ||    20
       Skin              ||     2
Dodge: Dodged            ||    55
Block: Shield            ||    20
